2822 views
Uploaded 2020-02-05 20:43:22
Game version 1.32 / 1.32.1
6:01 long 3on3 ladder game on (6)StranglethornVale
Saved by BEARAND
2822 views
Uploaded 2020-02-05 20:43:22
Game version 1.32 / 1.32.1
6:01 long 3on3 ladder game on (6)StranglethornVale


39 units @ 3.4k
/ 0k
43 buildings @ 4.6k
/ 1.7k

| Staff of Teleportation | 1 | 150 |
| Boots of Speed | 1 | 250 |
| total: | 2 | 400g |
| Peasant | 14 | 1050 | / | 0 |
| total: | 14 | 1050g | / | 0w |
| Scout Tower | 15 | 450 | / | 300 |
| Arcane Tower | 1 | 70 | / | 50 |
| Guard Tower | 13 | 910 | / | 650 |
| Altar of Kings | 1 | 180 | / | 50 |
| Farm | 4 | 320 | / | 80 |
| Lumber Mill | 1 | 120 | / | 0 |
| Town Hall | 1 | 385 | / | 205 |
| Keep | 2 | 640 | / | 420 |
| total: | 22 | 1455g | / | 635w |
| 0:06 | Peasant |
| 0:06 | Peasant |
| 0:12 | Altar of Kings |
| 0:22 | Farm |
| 0:26 | Peasant |
| 0:31 | Farm |
| 0:32 | Peasant |
| 0:51 | Scout Tower |
| 0:53 | Peasant |
| 1:08 | Lumber Mill |
| 1:21 | Peasant |
| 1:27 | Peasant |
| 1:33 | Peasant |
| 1:40 | Arcane Tower |
| 1:47 | Scout Tower |
| 1:48 | Scout Tower |
| 1:49 | Peasant |
| 2:12 | Blizzard |
| 2:14 | Scout Tower |
| 2:15 | Guard Tower |
| 2:22 | Peasant |
| 2:26 | Peasant |
| 2:45 | Scout Tower |
| 2:45 | Scout Tower |
| 2:46 | Guard Tower |
| 3:17 | Peasant |
| 3:17 | Peasant |
| 3:18 | Peasant |
| 3:18 | Guard Tower |
| 3:19 | Improved Masonry |
| 3:21 | Scout Tower |
| 3:21 | Scout Tower |
| 3:49 | Keep |
| 3:55 | Staff of Teleportation |
| 3:55 | Boots of Speed |
| 4:07 | Farm |
| 4:07 | Farm |
| 4:28 | Scout Tower |
| 4:29 | Scout Tower |
| 4:31 | Scout Tower |
| 4:35 | Scout Tower |
| 4:35 | Scout Tower |
| 4:36 | Scout Tower |
| 4:36 | Scout Tower |
| 4:59 | Guard Tower |
| 5:00 | Guard Tower |
| 5:12 | Guard Tower |
| 5:23 | Brilliance Aura |
| 5:35 | Guard Tower |
| 5:36 | Guard Tower |
| 5:43 | Town Hall |
| Right click | 400 |
| Select | 121 |
| Build/train/purchase | 39 |
| Chat | 24 |
| Select group | 22 |
| Use ability | 8 |
| Assign group | 4 |
| Minimap ping | 3 |
| Remove unit | 1 |

| Healing Salve | 1 | 100 |
| total: | 1 | 100g |
| Peon | 12 | 900 | / | 0 |
| total: | 12 | 900g | / | 0w |
| Watch Tower | 7 | 770 | / | 560 |
| Altar of Storms | 1 | 180 | / | 50 |
| Orc Burrow | 3 | 480 | / | 120 |
| War Mill | 1 | 205 | / | 0 |
| Voodoo Lounge | 1 | 130 | / | 30 |
| Stronghold | 1 | 315 | / | 190 |
| total: | 13 | 1765g | / | 760w |
| 0:02 | Peon |
| 0:02 | Peon |
| 0:07 | Altar of Storms |
| 0:18 | Orc Burrow |
| 0:22 | Peon |
| 0:35 | Peon |
| 0:48 | War Mill |
| 0:53 | Peon |
| 1:08 | Voodoo Lounge |
| 1:12 | Peon |
| 1:24 | Peon |
| 1:43 | Orc Burrow |
| 1:47 | Peon |
| 2:05 | Watch Tower |
| 2:08 | Wind Walk |
| 2:09 | Peon |
| 2:15 | Healing Salve |
| 2:22 | Peon |
| 2:36 | Watch Tower |
| 2:46 | Peon |
| 2:46 | Peon |
| 3:21 | Stronghold |
| 3:35 | Watch Tower |
| 3:51 | Watch Tower |
| 4:37 | Watch Tower |
| 4:45 | Orc Burrow |
| 5:02 | Watch Tower |
| 5:03 | Watch Tower |
| Right click | 328 |
| Select | 85 |
| Build/train/purchase | 21 |
| Select group | 3 |
| Use ability | 2 |
| Assign group | 1 |
| Misc. action | 1 |

| Circlet of Nobility | 1 | 175 |
| Boots of Speed | 2 | 500 |
| total: | 3 | 675g |
| Acolyte | 3 | 225 | / | 0 |
| Ghoul | 10 | 1200 | / | 0 |
| total: | 13 | 1425g | / | 0w |
| Nerubian Tower | 1 | 100 | / | 20 |
| Spirit Tower | 1 | 145 | / | 40 |
| Altar of Darkness | 1 | 180 | / | 50 |
| Ziggurat | 3 | 450 | / | 150 |
| Crypt | 1 | 200 | / | 50 |
| Graveyard | 2 | 430 | / | 0 |
| Tomb of Relics | 1 | 130 | / | 30 |
| Halls of the Dead | 1 | 320 | / | 210 |
| Black Citadel | 1 | 325 | / | 230 |
| total: | 8 | 1390g | / | 280w |
| 0:05 | Acolyte |
| 0:08 | Altar of Darkness |
| 0:10 | Ziggurat |
| 0:18 | Acolyte |
| 0:20 | Acolyte |
| 0:35 | Crypt |
| 1:08 | Graveyard |
| 1:11 | Graveyard |
| 1:15 | Nerubian Tower |
| 1:40 | Tomb of Relics |
| 1:43 | Ghoul |
| 1:54 | Ghoul |
| 2:05 | Ziggurat |
| 2:12 | Death Coil |
| 2:16 | Ghoul |
| 2:28 | Ghoul |
| 3:14 | Halls of the Dead |
| 3:15 | Ghoul |
| 3:35 | Spirit Tower |
| 3:47 | Ghoul |
| 3:59 | Circlet of Nobility |
| 4:03 | Boots of Speed |
| 4:03 | Boots of Speed |
| 4:15 | Ghoul |
| 4:15 | Ghoul |
| 4:38 | Ghoul |
| 4:40 | Ghoul |
| 5:47 | Unholy Aura |
| 5:49 | Ziggurat |
| 5:51 | Black Citadel |
| Right click | 397 |
| Select group | 201 |
| Select | 62 |
| Build/train/purchase | 27 |
| Misc. action | 15 |
| Chat | 14 |
| Assign group | 10 |
| Use ability | 6 |
| Item give/drop | 1 |
| Esc | 1 |
| Minimap ping | 1 |
32 units @ 3.1k
/ 0.1k
19 buildings @ 3.3k
/ 0.8k

| Peon | 7 | 525 | / | 0 |
| Grunt | 3 | 600 | / | 0 |
| Troll Headhunter | 2 | 280 | / | 40 |
| total: | 12 | 1405g | / | 40w |
| Altar of Storms | 1 | 180 | / | 50 |
| Orc Burrow | 5 | 800 | / | 200 |
| Barracks | 1 | 180 | / | 50 |
| War Mill | 1 | 205 | / | 0 |
| total: | 8 | 1365g | / | 300w |
| 0:09 | Altar of Storms |
| 0:12 | Orc Burrow |
| 0:15 | Peon |
| 0:36 | Barracks |
| 0:44 | Peon |
| 1:02 | Peon |
| 1:22 | Peon |
| 1:47 | Grunt |
| 1:53 | Orc Burrow |
| 1:58 | Orc Burrow |
| 2:18 | War Stomp |
| 2:31 | Grunt |
| 2:37 | War Mill |
| 2:55 | Peon |
| 3:01 | Orc Burrow |
| 3:18 | Peon |
| 3:22 | Grunt |
| 4:02 | Troll Headhunter |
| 4:34 | Troll Headhunter |
| 4:37 | Peon |
| 5:31 | Orc Burrow |
| Right click | 67 |
| Select | 63 |
| Build/train/purchase | 24 |

| Wisp | 13 | 780 | / | 0 |
| total: | 13 | 780g | / | 0w |
| Altar of Elders | 1 | 180 | / | 50 |
| Ancient of War | 1 | 150 | / | 60 |
| Moon Well | 2 | 360 | / | 80 |
| total: | 4 | 690g | / | 190w |
| 0:04 | Wisp |
| 0:04 | Wisp |
| 0:10 | Altar of Elders |
| 0:12 | Ancient of War |
| 0:27 | Moon Well |
| 0:41 | Wisp |
| 0:57 | Wisp |
| 0:57 | Wisp |
| 1:33 | Wisp |
| 1:33 | Wisp |
| 1:33 | Wisp |
| 1:33 | Wisp |
| 1:33 | Wisp |
| 1:50 | Wisp |
| 1:50 | Wisp |
| 1:50 | Wisp |
| 2:08 | Moon Well |
| 2:23 | Force of Nature |
| Select | 25 |
| Right click | 18 |
| Build/train/purchase | 16 |
| Select group | 10 |
| Assign group | 4 |
| Remove unit | 3 |
| Use ability | 2 |

| Rod of Necromancy | 1 | 150 |
| total: | 1 | 150g |
| Acolyte | 3 | 225 | / | 0 |
| Ghoul | 2 | 240 | / | 0 |
| Crypt Fiend | 2 | 430 | / | 80 |
| total: | 7 | 895g | / | 80w |
| Crypt | 2 | 400 | / | 100 |
| Ziggurat | 2 | 300 | / | 100 |
| Graveyard | 1 | 215 | / | 0 |
| Altar of Darkness | 1 | 180 | / | 50 |
| Tomb of Relics | 1 | 130 | / | 30 |
| total: | 7 | 1225g | / | 280w |
| 0:04 | Acolyte |
| 0:04 | Acolyte |
| 0:12 | Crypt |
| 0:19 | Crypt |
| 0:23 | Ziggurat |
| 0:36 | Acolyte |
| 0:46 | Graveyard |
| 1:08 | Altar of Darkness |
| 1:23 | Ghoul |
| 1:32 | Ziggurat |
| 1:42 | Ghoul |
| 2:01 | Tomb of Relics |
| 2:29 | Crypt Fiend |
| 3:02 | Crypt Fiend |
| 3:09 | Death Coil |
| 3:12 | Rod of Necromancy |
| Select | 28 |
| Right click | 18 |
| Build/train/purchase | 11 |
| Select group | 8 |
| Assign group | 6 |
โ